 Dungeon Crawl Stone Soup version 0.18-a0-965-g9200175 (webtiles) character file.

156 Duffy the Ruffian (level 5, -1/37 HPs)
             Began as a Formicid Transmuter on Jan 2, 2016.
             Slain by a big kobold
             ... wielding a +0 short sword
              (4 damage)
             ... in a sewer.
             The game lasted 00:04:04 (3003 turns).

Duffy the Ruffian (Formicid Transmuter)             Turns: 3003, Time: 00:04:05

Health: -1/37      AC:  6    Str: 14    XL:     5   Next: 65%
Magic:  8/8        EV:  9    Int: 13    God:
Gold:   108        SH:  2    Dex: 12    Spells: 1 memorised, 7 levels left

rFire  . . .     SeeInvis +       - Unarmed
rCold  . . .     Gourm    .     f - +0 scale mail
rNeg   . . .     Faith    .     (no shield)
rPois  .         Spirit   .     (helmet unavailable)
rElec  .         Dismiss  .     (no cloak)
rCorr  .         Reflect  +     (no gloves)
SustAt .         Harm     .     (no boots)
MR     .....                    k - +2 amulet of reflection
Stlth  ..........               (no ring)
                                (no ring)

@: starving, not resistant to hostile enchantments, extremely unstealthy
A: permanent stasis, dig shafts and tunnels, four strong arms, antennae 3
a: Dig, Shaft Self


You were in a sewer.
You were starving.

You visited 1 branch of the dungeon, and saw 3 of its levels.
You also visited: Sewer.

You collected 108 gold pieces.


Innate Abilities, Weirdness & Mutations

You are under a permanent stasis effect.
You can dig through walls and to a lower floor.
Your four strong arms can wield two-handed weapons with a shield.
You have a pair of large antennae on your head (SInv).


   Skills:
 - Level 1.1 Fighting
 - Level 1.7 Dodging
 + Level 5.9 Unarmed Combat
 - Level 2.1 Spellcasting
 - Level 2.1 Transmutations


You had 7 spell levels left.
You knew the following spells:

 Your Spells              Type           Power        Failure   Level  Hunger
a - Beastly Appendage     Trmt           #.....       52%         1    ##.....

Inventory:

Hand Weapons
 a - a +0 blowgun
Missiles
 g - 20 poisoned needles
 q - 39 arrows
Armour
 b - a +0 robe
 f - a +0 scale mail (worn)
Jewellery
 k - a +2 amulet of reflection (around neck)
Wands
 n - a wand of digging (14/24)
Scrolls
 e - 2 scrolls of fog {unknown}
 h - a scroll of immolation {unknown}
 i - a scroll of remove curse {unknown}
 j - 3 scrolls of identify {unknown}
 l - a scroll of random uselessness {unknown}
 p - a scroll of noise {unknown}
Potions
 m - a potion of agility {unknown}
 o - a potion of curing {unknown}
Books
 c - a book of Changes
Comestibles
 d - a bread ration

Dungeon Overview and Level Annotations

Branches:
Dungeon (3/15)

Altars:

Annotations:
D:2 Sigmund


Message History

The kobold closely misses you.
The big kobold hits you with a short sword.
You barely miss the big kobold.
The big kobold is heavily wounded.
The kobold hits you but does no damage. The big kobold barely misses you.
You hit the big kobold but do no damage.
The big kobold is severely wounded.
The big kobold looks more healthy.
The big kobold hits you with a short sword.
The kobold hits you with a club.
You hit the big kobold but do no damage.
The big kobold is severely wounded.
The big kobold closely misses you.
You closely miss the big kobold.
The big kobold is severely wounded.
The kobold hits you with a club.
You barely miss the big kobold.
The big kobold is severely wounded.
The big kobold hits you but does no damage.
The kobold hits you but does no damage.
You hit the big kobold but do no damage.
The big kobold is severely wounded.
The big kobold barely misses you. The kobold closely misses you.
You hit the big kobold.
The big kobold is severely wounded.
The big kobold barely misses you. You block the kobold's attack.
You closely miss the big kobold.
The big kobold is severely wounded.
The big kobold splashes around in the water.
The kobold hits you with a club.
You hit the big kobold but do no damage.
You punch the big kobold, but do no damage.
The big kobold is severely wounded.
The big kobold hits you with a short sword.
You die...

(# ~~~~~~~~~~~...#..~#
.#~~~~~~~~~~~~...#{.~#
.#~~~~~~~~~~~~~~.#..~#
.#~~~~~~~~~~~~~~.#{~~#
.#~~~~~~~~~~~~~..#.~~#
.#~~~~~~~~~~~~~~.'.~~#
###################(##
{
.#~~~~~~~~~~~~~.~#(..#
.~~~~~~~~~~~~~~.@K(.~#
~#~~~~~~~~~~~~~(K#~~~#
######################


You could see a big kobold and a kobold.

Action                   |  1- 3 |  4- 6 || total
-------------------------+-------+-------++-------
Melee: Unarmed           |   162 |   173 ||   335
 Fire: Blowgun           |       |     7 ||     7
 Abil: Dig               |       |     1 ||     1
 Stab: Distracted        |     1 |       ||     1
  Eat: Chunk             |     3 |     2 ||     5

Notes
Turn   | Place    | Note
--------------------------------------------------------------
     0 | D:1      | Duffy the Formicid Transmuter began the quest for the Orb.
     0 | D:1      | Reached XP level 1. HP: 15/15 MP: 3/3
   657 | D:1      | Reached XP level 2. HP: 21/21 MP: 5/5
   970 | D:1      | Reached skill level 4 in Unarmed Combat
   970 | D:1      | Reached XP level 3. HP: 26/26 MP: 6/6
  1547 | D:2      | Noticed Sigmund
  1941 | D:3      | Reached XP level 4. HP: 32/32 MP: 7/7
  2081 | D:3      | Found a glowing drain.
  2151 | Sewer    | Entered a sewer
  2174 | Sewer    | Reached skill level 5 in Unarmed Combat
  2605 | Sewer    | Reached XP level 5. HP: 6/37 MP: 8/8
  2925 | Sewer    | Found a burning altar of Makhleb.
  2968 | Sewer    | Noticed a big kobold
  3003 | Sewer    | Slain by a big kobold

Vault maps used:
D:1:      minmay_arrival_nine_rooms, serial_bayou_pond_d
D:2:      nicolae_overflow_hidden_temple, uniq_sigmund
D:3:      gup_sewer_entry_pipe, ecumenical_altar_1
Sewer:    kennysheep_sewer_church

Vanquished Creatures
  A quasit
  3 big kobold zombies
  2 adders
  A shadow imp
  An ufetubus
  An adder zombie
  A worm
  2 giant geckos
  9 bats
  7 giant cockroaches
  7 goblins
  8 hobgoblins
  17 kobolds
  A ball python
  A giant cockroach zombie
  3 giant newts
  3 kobold zombies
  5 rats
73 creatures vanquished.
